 Dungeon Crawl Stone Soup version 0.31-a0-237-g2d982f9f85 (webtiles) character file.

Game seed: 7533734082028149736

1680 peerlesstires the Twirler (level 9, -4/71 HPs)
             Began as a Gnoll Wanderer on July 11, 2023.
             Slain by an orc warrior
             ... wielding a +0 battleaxe
              (15 damage)
             ... on level 6 of the Dungeon.
             The game lasted 00:23:18 (8047 turns).

peerlesstires the Twirler (Gnoll Wanderer)          Turns: 8047, Time: 00:23:18

Health: -4/71      AC:  7    Str: 13    XL:     9   Next: 2%
Magic:  0/16       EV: 13    Int: 11    God:
Gold:   318        SH:  0    Dex: 15    Spells: 16/17 levels left

rFire   . . .        A - +6 short sword
rCold   . . .        (no shield)
rNeg    . . .        o - +0 leather armour
rPois   .            r - +0 helmet
rElec   +            (no cloak)
rCorr   .            G - +0 pair of gloves
SInv    .            D - +0 pair of boots
Will    .....        e - amulet of guardian spirit
Stlth   +++          w - ring of flight
HPRegen 0.31/turn    (no ring)
MPRegen 0.15/turn

%: guardian spirit
@: flying, studying Fighting
A: fangs 1, strong nose, distributed training, electricity resistance
a: no special abilities


You were on level 6 of the Dungeon.
You visited 2 branches of the dungeon, and saw 8 of its levels.

You collected 318 gold pieces.

Inventory:

Hand Weapons
 a - a +2 quarterstaff
 j - a +0 shortbow
 k - a +0 whip
 m - a +2 dagger of venom
 s - a +2 heavy long sword
 y - a +0 spectral quarterstaff
 A - a +6 short sword (weapon)
 C - a +0 orcbow
 E - a +0 sling
Missiles
 c - a throwing net
 h - 5 poisoned darts
 l - 34 stones
 t - 5 atropa-tipped darts
Armour
 d - a +0 robe
 f - a +0 helmet
 o - a +0 leather armour (worn)
 r - a +0 helmet (worn)
 D - a +0 pair of boots (worn)
 G - a +0 pair of gloves (worn)
Jewellery
 e - an amulet of guardian spirit (around neck)
 g - an amulet of the acrobat
 q - an amulet of guardian spirit
 u - a ring of resist corrosion
 w - a ring of flight (left hand)
Wands
 x - a wand of flame (14)
Scrolls
 n - a scroll of poison {unknown}
 v - a scroll of enchant weapon
Potions
 p - 2 potions of degeneration
 B - a potion of enlightenment
Miscellaneous
 b - a piece from Xom's chessboard (15/15)


   Skills:
 + Level 6.9 Fighting
 + Level 3.9 Short Blades
 + Level 3.9 Long Blades
 + Level 3.9 Axes
 + Level 3.9 Maces & Flails
 + Level 3.9 Polearms
 + Level 7.7 Staves
 + Level 3.9 Ranged Weapons
 + Level 3.9 Throwing
 + Level 4.7 Armour
 + Level 3.9 Dodging
 + Level 4.6 Stealth
 + Level 3.9 Shields
 + Level 3.9 Unarmed Combat
 + Level 4.9 Spellcasting
 + Level 3.2 Conjurations
 + Level 3.2 Hexes
 + Level 3.2 Summonings
 + Level 3.9 Necromancy
 + Level 3.2 Translocations
 + Level 3.2 Transmutations
 + Level 3.2 Fire Magic
 + Level 3.2 Ice Magic
 + Level 3.2 Air Magic
 + Level 3.2 Earth Magic
 + Level 3.2 Poison Magic
 + Level 4.3 Invocations
 + Level 4.7 Evocations


You had 16 spell levels left.
You knew the following spells:

 Your Spells              Type           Power      Damage    Failure   Level
a - Necrotise             Necr           44%        1d6       5%          1

Your spell library contained the following spells:

 Spells                   Type           Power      Damage    Failure   Level
 Foxfire                  Conj/Fire      36%        2x1d5     7%          1
 Vampiric Draining        Necr           11%        2d6       16%         3
 Fireball                 Conj/Fire      4%         3d4       89%         5
 Plasma Beam              Fire/Air       4%         2x1d14    100%        6
 Starburst                Conj/Fire      4%         6d4       100%        6


Dungeon Overview and Level Annotations

Branches:
Dungeon (7/15)             Temple (1/1) D:4

Altars:
Cheibriados
Dithmenos
Elyvilon
Fedhas
Gozag
Kikubaaqudgha
Nemelex Xobeh
Okawaru
Sif Muna
Trog
Wu Jian
Xom
Yredelemnul
Zin
The Shining One

Annotations:
D:2 1 runed translucent door, Crazy Yiuf
D:6 Dowan, Duvessa


Innate Abilities, Weirdness & Mutations

You have very sharp teeth.
Your uncanny sense of smell can sniff out nearby items.
Your experience applies equally to all skills.
You are resistant to electric shocks. (rElec)


Message History

The orc is severely wounded.
The orc closely misses you. The orc warrior closely misses you.
You puncture the orc!
You kill the orc!
The orc warrior attacks as you move away!
The orc warrior barely misses you.
Items here: )) [ รท.
You hit the orc warrior. Your punch misses the orc warrior.
The orc warrior is lightly wounded.
The orc warrior hits you with a +0 battleaxe!
You hit the orc warrior but do no damage.
The orc warrior is lightly wounded.
The orc warrior hits you with a +0 battleaxe!
* * * LOW HITPOINT WARNING * * *
You hit the orc warrior.
The orc warrior is lightly wounded.
The orc warrior closely misses you.
You barely miss the orc warrior.
The orc warrior is lightly wounded.
The orc warrior closely misses you.
You hit the orc warrior but do no damage.
The orc warrior is lightly wounded.
The orc warrior closely misses you.
You barely miss the orc warrior.
The orc warrior is lightly wounded.
You hit the orc warrior but do no damage.
The orc warrior is lightly wounded.
The orc warrior hits you with a +0 battleaxe.
* * * LOW HITPOINT WARNING * * *
You feel better.
The orc warrior hits you with a +0 battleaxe!
* * * LOW HITPOINT WARNING * * *
You hit the orc warrior but do no damage.
The orc warrior is lightly wounded.
The orc warrior hits you with a +0 battleaxe.
* * * LOW HITPOINT WARNING * * *
You barely miss the orc warrior.
The orc warrior is lightly wounded.
The orc warrior hits you with a +0 battleaxe!
You die...

#.##......,,,,**,,,,,,,*
#.#*###...,,,,***,,,,,,*
##.####*,..,,,,* *,*,**,*
......#*,,.,,,,* *,*,**,*
<#.##.########** *,*,**,*
.#.##.#......####*,*,**,*
.#......####....##,,,,,,*
.####...#**#.###.#**,****
.####...#*...# #@# *,*
........##.#.###o###.#
######...............#
..####################
.....# #.##.# #.##.#
#.##.# #.##.#


You could see an orc warrior.

Vanquished Creatures
  Prince Ribbit (D:5)
  Grinder (D:2)
  2 ice beasts (D:6)
  2 centaurs
  A bullfrog (D:4)
  A gnoll sergeant (D:5)
  A water moccasin zombie (D:5)
  A howler monkey (D:5)
  A bullfrog zombie (D:5)
  4 hounds
  2 jellies
  A gnoll bouda (D:6)
  An orc priest (D:7)
  Jessica (D:2)
  2 scorpion zombies (D:5)
  A sleepcap (D:7)
  An orc wizard (D:5)
  2 howler monkey zombies (D:5)
  10 gnolls
  6 adders
  3 worms
  4 dart slugs
  14 orcs
  13 endoplasms
  4 giant cockroaches (D:1)
  9 hobgoblins
  12 jackals
  10 kobolds
  9 ball pythons
  6 bats
  2 frilled lizards (D:1)
  9 goblins
  3 rats
140 creatures vanquished.

Notes
Turn   | Place    | Note
-------+----------+-------------------------------------------
     0 | D:1      | peerlesstires the Gnoll Wanderer began the quest for the
                  | Orb.
     0 | D:1      | peerlesstires set off with the following items: a +2
                  | quarterstaff, a piece from Xom's chessboard (15/15), a
                  | potion of lignification, a +0 robe; and the following spell
                  | memorised: Necrotise; and the following spells available to
                  | memorise: Vampiric Draining.
     0 | D:1      | Reached XP level 1. HP: 20/20 MP: 4/4
   216 | D:1      | Reached XP level 2. HP: 25/26 MP: 3/5
   594 | D:1      | Reached XP level 3. HP: 30/31 MP: 7/7
   887 | D:1      | Reached skill level 1 in Invocations
  1479 | D:2      | Noticed Jessica
  1488 | D:2      | Killed Jessica
  1489 | D:2      | Reached skill level 1 in Short Blades
  1489 | D:2      | Reached skill level 1 in Long Blades
  1489 | D:2      | Reached skill level 1 in Axes
  1489 | D:2      | Reached skill level 1 in Maces & Flails
  1489 | D:2      | Reached skill level 1 in Polearms
  1489 | D:2      | Reached skill level 1 in Ranged Weapons
  1489 | D:2      | Reached skill level 1 in Throwing
  1489 | D:2      | Reached skill level 1 in Dodging
  1489 | D:2      | Reached skill level 1 in Shields
  1489 | D:2      | Reached skill level 1 in Unarmed Combat
  1489 | D:2      | Reached XP level 4. HP: 38/38 MP: 5/8
  1557 | D:2      | Reached skill level 1 in Conjurations
  1557 | D:2      | Reached skill level 1 in Hexes
  1557 | D:2      | Reached skill level 1 in Summonings
  1557 | D:2      | Reached skill level 1 in Translocations
  1557 | D:2      | Reached skill level 1 in Transmutations
  1557 | D:2      | Reached skill level 1 in Fire Magic
  1557 | D:2      | Reached skill level 1 in Ice Magic
  1557 | D:2      | Reached skill level 1 in Air Magic
  1557 | D:2      | Reached skill level 1 in Earth Magic
  1557 | D:2      | Reached skill level 1 in Poison Magic
  2050 | D:2      | Found a runed translucent door.
  2051 | D:2      | Noticed Crazy Yiuf
  2403 | D:3      | Found a faded altar of an unknown god.
  2438 | D:3      | Noticed Grinder
  2472 | D:2      | Paralysed by Grinder for 4 turns
  2488 | D:2      | Paralysed by Grinder for 3 turns
  2496 | D:2      | Paralysed by Grinder for 4 turns
  2505 | D:2      | Killed Grinder
  2506 | D:2      | Reached skill level 5 in Fighting
  2506 | D:2      | Reached XP level 5. HP: 22/44 MP: 4/10
  2506 | D:2      | Reached XP level 6. HP: 25/51 MP: 4/11
  2885 | D:3      | Found a sparkling altar of Nemelex Xobeh.
  2998 | D:3      | Found an opulent altar of Gozag.
  3016 | D:3      | Found a bloodstained altar of Trog.
  3601 | D:4      | Found a staircase to the Ecumenical Temple.
  3685 | Temple   | Entered the Ecumenical Temple
  3838 | D:4      | Found a shimmering blue altar of Sif Muna.
  3935 | D:4      | Reached XP level 7. HP: 56/56 MP: 12/12
  4043 | D:4      | Reached skill level 7 in Staves
  4560 | D:5      | Entered Level 5 of the Dungeon
  4638 | D:5      | Noticed Prince Ribbit
  4767 | D:5      | Found an iron altar of Okawaru.
  5843 | D:5      | Reached XP level 8. HP: 59/64 MP: 12/14
  5899 | D:5      | Found a basalt altar of Yredelemnul.
  6179 | D:5      | Gained mutation: You are partially covered in iridescent
                  | scales. (AC +2) [potion of mutation]
  6179 | D:5      | Gained mutation: Your system is resistant to poisons.
                  | (rPois) [potion of mutation]
  6248 | D:5      | Killed Prince Ribbit
  6429 | D:6      | Noticed Dowan
  6432 | D:6      | Noticed Duvessa
  6550 | D:6      | HP: 3/65 [something (3)]
  6931 | D:6      | Lost mutation: Your system is resistant to poisons. (rPois)
                  | [potion of mutation]
  6931 | D:6      | Lost mutation: You are partially covered in iridescent
                  | scales. (AC +2) [potion of mutation]
  6931 | D:6      | Gained mutation: You are resistant to electric shocks.
                  | (rElec) [potion of mutation]
  6936 | D:6      | HP: 3/65 [Duvessa/+0 rapier of flaming (1)]
  7718 | D:6      | Reached XP level 9. HP: 22/71 MP: 7/16
  7999 | D:7      | Found a white marble altar of Elyvilon.
  8047 | D:6      | Slain by an orc warrior

Illustrated notes

Levels and vault maps discovered:
D:1:      dpeg_arrival_round_a, layout_basic
D:2:      layout_basic, dk_noncrumbling_3, uniq_jessica, uniq_crazy_yiuf_cottage
D:3:      layout_basic, mainiacjoe_overflow_24_doors, nicolae_overflow_squiral,
          hellmonk_ecumenical_altar_lost_god, uniq_grinder
D:4:      layout_cave_pools, mainiacjoe_overflow_concentric_impassable,
          minmay_temple_entry_hall, minmay_manual_mail
D:5:      layout_basic, nicolae_yredelemnul_corpse_copse, amcnicky_altar_gilded,
          nicolae_grassy_gnolls, uniq_prince_ribbit1
D:6:      layout_loops_cross, nicolae_ru_the_path_less_chosen, serial_shops,
          shop, hangedman_decor_riveting, uniq_duvessa
D:7:      layout_cave_pools, elyvilon_altar_5, mainiacjoe_overflow_tiny_flanked,
          gammafunk_ghost_icy, minmay_checkerbox
Temple:   nicolae_temple_ecumenical_triangle

Skill      XL: |  1  2  3  4  5  6  7  8 |
---------------+-------------------------+-----
Necromancy     | 2 3 |  3.9
Invocations    | 1 2 3 4 |  4.3
Short Blades   | 1 2 3 |  3.9
Long Blades    | 1 2 3 |  3.9
Axes           | 1 2 3 |  3.9
Maces & Flails | 1 2 3 |  3.9
Polearms       | 1 2 3 |  3.9
Ranged Weapons | 1 2 3 |  3.9
Throwing       | 1 2 3 |  3.9
Dodging        | 1 2 3 |  3.9
Shields        | 1 2 3 |  3.9
Unarmed Combat | 1 2 3 |  3.9
Spellcasting   | 3 4 |  4.9
Conjurations   | 1 2 3 |  3.2
Hexes          | 1 2 3 |  3.2
Summonings     | 1 2 3 |  3.2
Translocations | 1 2 3 |  3.2
Transmutations | 1 2 3 |  3.2
Fire Magic     | 1 2 3 |  3.2
Ice Magic      | 1 2 3 |  3.2
Air Magic      | 1 2 3 |  3.2
Earth Magic    | 1 2 3 |  3.2
Poison Magic   | 1 2 3 |  3.2
Fighting       | 5 6 |  6.9
Armour         | 3 4 |  4.7
Stealth        | 3 4 |  4.6
Evocations     | 3 4 |  4.7
Staves         | 7 |  7.7

Action                     |  1- 3 |  4- 6 |  7- 9 || total
---------------------------+-------+-------+-------++-------
  Melee: Quarterstaff      |    32 |       |       ||    32
         Bite              |     7 |    17 |    43 ||    67
         Dagger            |    51 |   211 |     4 ||   266
         Punch             |     3 |     4 |     5 ||    12
         Short sword       |       |       |   289 ||   289
   Cast: Necrotise         |     2 |     2 |     3 ||     7
  Evoke: Wand              |       |       |     1 ||     1
    Use: Potion            |       |     3 |     9 ||    12
         Scroll            |       |     1 |     9 ||    10
   Stab: Sleeping          |     2 |    10 |     3 ||    15
 Armour: Robe              |    11 |       |       ||    11
         Leather armour    |     8 |    31 |    66 ||   105
         Skin              |       |    17 |       ||    17
  Dodge: Dodged            |    57 |   122 |   165 ||   344

Table legend: (Time is in decaauts)
 A = Elapsed time spent in this place.
 B = Non-inter-level travel time spent in this place.
 C = Inter-level travel time spent in this place.
 D = Time resting spent in this place.
 E = Time spent auto-exploring this place.
 F = Levels seen in this place.
 G = Mean time per level.
                   A        B        C        D        E       F      G
               +--------+--------+--------+--------+--------+-----+--------+
         Total |   7983 |   7714 |    269 |   1957 |   3141 |   8 |  997.9 |
       Dungeon |   7852 |   7583 |    269 |   1957 |   3116 |   7 | 1121.7 |
        Temple |    130 |    130 |      0 |      0 |     25 |   1 |  130.0 |
               +--------+--------+--------+--------+--------+-----+--------+

Top non-repeatable levels by time:
     D:5: 2239 daAuts
     D:1: 1357 daAuts
     D:2: 1104 daAuts
     D:6: 1064 daAuts
     D:3: 1007 daAuts
     D:4: 936 daAuts
     D:7: 143 daAuts
  Temple: 130 daAuts
